Workbook

Sheet 法非適用_駐車場整備事業
B2: 経営比較分析表（令和元年度決算）
B6: =データ!H6&" "&データ!I6 -> 神奈川県相模原市 相模大野駅西側自動車駐車場
B7: 業務名 | AQ7: 業種名 | CF7: 事業名 | DU7: 類似施設区分 | FJ7: 管理者の情報 | HX7: 立地 | JQ7: 周辺駐車場の需給実態調査 | LJ7: 駐車場使用面積(㎡) | ND7: グラフ凡例
B8: =データ!J7 -> 法非適用 | AQ8: =データ!K7 -> 駐車場整備事業 | CF8: =データ!L7 -> - | DU8: =データ!M7 -> Ａ１Ｂ１ | FJ8: =データ!N7 -> 非設置 | HX8: =データ!S7 -> 商業施設 | JQ8: =データ!T7 -> 無 | LJ8: =データ!U7 -> 25638 | ND8: ■ | NF8: 当該施設値（当該値）
B9: 自己資本構成比率(％) | AQ9: 種類 | CF9: 構造 | DU9: 建設後の経過年数(年) | HX9: 収容台数(台) | JQ9: 一時間当たりの基本料金(円) | LJ9: 指定管理者制度の導入 | ND9: － | NF9: 類似施設平均値（平均値）
B10: =データ!O7 -> 該当数値なし | AQ10: 都市計画駐車場 | CF10: =データ!Q7 -> 立体式 | DU10: =データ!R7 -> 7 | HX10: =データ!V7 -> 749 | JQ10: =データ!W7 -> 300 | LJ10: =データ!X7 -> 代行制 | ND10: 【】 | NF10: 令和元年度全国平均
ND11: 分析欄
H14: 1.収益等の状況 | IP14: 3.利用の状況 | ND14: 1. 収益等の状況について
ND15: 本駐車場は、通行量が多い地区で円滑な道路交通を確保するため、平成２５年より供用開始しました。 駐車場の料金収入等で支出をどの程度賄えているかを示す収益的収支比率（％）は徐々に下がってきており、１００％を切っているため、全体的に赤字となっておりますが、これは駐車場建設費の償還を行っているのが大きな要因となっています。 相模大野駅西側自動車駐車場は令和１４年度に償還が完了いたします。
U30: =データ!$B$11 -> H27 | AN30: =データ!$C$11 -> H28 | BG30: =データ!$D$11 -> H29 | BZ30: =データ!$E$11 -> H30 | CS30: =データ!$F$11 -> R01 | EL30: =データ!$B$11 -> H27 | FE30: =データ!$C$11 -> H28 | FX30: =データ!$D$11 -> H29 | GQ30: =データ!$E$11 -> H30 | HJ30: =データ!$F$11 -> R01 | JC30: =データ!$B$11 -> H27 | JV30: =データ!$C$11 -> H28 | KO30: =データ!$D$11 -> H29 | LH30: =データ!$E$11 -> H30 | MA30: =データ!$F$11 -> R01
J31: 当該値 | U31: =データ!Y7 -> 17.8 | AN31: =データ!Z7 -> 17.9 | BG31: =データ!AA7 -> 16.7 | BZ31: =データ!AB7 -> 14.5 | CS31: =データ!AC7 -> 13.2 | EA31: 当該値 | EL31: =データ!AJ7 -> 1.9 | FE31: =データ!AK7 -> 2.1 | FX31: =データ!AL7 -> 1 | GQ31: =データ!AM7 -> 1 | HJ31: =データ!AN7 -> 0 | IR31: 当該値 | JC31: =データ!DK7 -> 219.2 | JV31: =データ!DL7 -> 235.8 | KO31: =データ!DM7 -> 210.5 | LH31: =データ!DN7 -> 184.6 | MA31: =データ!DO7 -> 157.7 | ND31: 2. 資産等の状況について
J32: 平均値 | U32: =データ!AD7 -> 218.5 | AN32: =データ!AE7 -> 151.2 | BG32: =データ!AF7 -> 212.4 | BZ32: =データ!AG7 -> 243 | CS32: =データ!AH7 -> 218.2 | EA32: 平均値 | EL32: =データ!AO7 -> 4.7 | FE32: =データ!AP7 -> 4 | FX32: =データ!AQ7 -> 2.4 | GQ32: =データ!AR7 -> 2.3 | HJ32: =データ!AS7 -> 1.5 | IR32: 平均値 | JC32: =データ!DP7 -> 138.9 | JV32: =データ!DQ7 -> 139.7 | KO32: =データ!DR7 -> 139.3 | LH32: =データ!DS7 -> 135.3 | MA32: =データ!DT7 -> 127.7 | ND32: 企業債残高対料金収入比率は徐々に減少しているものの全国平均と比較すると高い数値となっています。これは駐車場建設費の償還が残っているためで、令和１４年度には全駐車場の償還が完了します。
ND48: 3. 利用の状況について
ND49: 平成２６年１１月及び平成２９年４月に近隣商業施設の駐車場サービスの大きな変更があったことにより平成２７年度及び平成２９年度は稼働率に影響を受けました。全体的に平均値よりも高くなっていますが、平成３１年１月から７月まで近隣商業施設の店舗リニューアルのため閉店していた期間もあり、減少しています。
U51: =データ!$B$11 -> H27 | AN51: =データ!$C$11 -> H28 | BG51: =データ!$D$11 -> H29 | BZ51: =データ!$E$11 -> H30 | CS51: =データ!$F$11 -> R01 | EL51: =データ!$B$11 -> H27 | FE51: =データ!$C$11 -> H28 | FX51: =データ!$D$11 -> H29 | GQ51: =データ!$E$11 -> H30 | HJ51: =データ!$F$11 -> R01 | JC51: =データ!$B$11 -> H27 | JV51: =データ!$C$11 -> H28 | KO51: =データ!$D$11 -> H29 | LH51: =データ!$E$11 -> H30 | MA51: =データ!$F$11 -> R01
J52: 当該値 | U52: =データ!AU7 -> 54 | AN52: =データ!AV7 -> 85 | BG52: =データ!AW7 -> 61 | BZ52: =データ!AX7 -> 56 | CS52: =データ!AY7 -> 0 | EA52: 当該値 | EL52: =データ!BF7 -> 10.5 | FE52: =データ!BG7 -> 11 | FX52: =データ!BH7 -> 10.2 | GQ52: =データ!BI7 -> 8.3 | HJ52: =データ!BJ7 -> 4.9 | IR52: 当該値 | JC52: =データ!BQ7 -> 115016 | JV52: =データ!BR7 -> 113055 | KO52: =データ!BS7 -> 104077 | LH52: =データ!BT7 -> 83728 | MA52: =データ!BU7 -> 42574
J53: 平均値 | U53: =データ!AZ7 -> 46 | AN53: =データ!BA7 -> 39 | BG53: =データ!BB7 -> 25 | BZ53: =データ!BC7 -> 23 | CS53: =データ!BD7 -> 11 | EA53: 平均値 | EL53: =データ!BK7 -> 33.2 | FE53: =データ!BL7 -> 29.6 | FX53: =データ!BM7 -> 29.2 | GQ53: =データ!BN7 -> 30.4 | HJ53: =データ!BO7 -> 5.8 | IR53: 平均値 | JC53: =データ!BV7 -> 37496 | JV53: =データ!BW7 -> 31888 | KO53: =データ!BX7 -> 13314 | LH53: =データ!BY7 -> 28825 | MA53: =データ!BZ7 -> 26838
H60: 2.資産等の状況
CV63: ⑦敷地の地価(千円)
ND65: 全体総括
ND66: 駐車場自体が集客能力が低いことに加え、環境面への配慮、駅前の交通渋滞の緩和、人口の減少等の要因から車離れの傾向がある現在では収益の増加は難しい状況です。 駐車場法に基づき、一定の割合は市が維持していきますが、利用状況や周辺の民間駐車場の配置状況等を踏まえ、今後運営方法等について検討をしていきます。
CV67: =データ!CM7 -> 0
CV72: ⑧設備投資見込額(千円)
R76: =データ!$B$11 -> H27 | AG76: =データ!$C$11 -> H28 | AV76: =データ!$D$11 -> H29 | BK76: =データ!$E$11 -> H30 | BZ76: =データ!$F$11 -> R01 | CV76: =データ!CN7 -> - | GL76: =データ!$B$11 -> H27 | HA76: =データ!$C$11 -> H28 | HP76: =データ!$D$11 -> H29 | IE76: =データ!$E$11 -> H30 | IT76: =データ!$F$11 -> R01 | KA76: =データ!$B$11 -> H27 | KP76: =データ!$C$11 -> H28 | LE76: =データ!$D$11 -> H29 | LT76: =データ!$E$11 -> H30 | MI76: =データ!$F$11 -> R01
I77: 当該値 | R77: =データ!CB7 | AG77: =データ!CC7 | AV77: =データ!CD7 | BK77: =データ!CE7 | BZ77: =データ!CF7 | GC77: 当該値 | GL77: =データ!CO7 | HA77: =データ!CP7 | HP77: =データ!CQ7 | IE77: =データ!CR7 | IT77: =データ!CS7 | JR77: 当該値 | KA77: =データ!CZ7 -> 250 | KP77: =データ!DA7 -> 251 | LE77: =データ!DB7 -> 226 | LT77: =データ!DC7 -> 174.1 | MI77: =データ!DD7 -> 179
I78: 平均値 | R78: =データ!CG7 | AG78: =データ!CH7 | AV78: =データ!CI7 | BK78: =データ!CJ7 | BZ78: =データ!CK7 | GC78: 平均値 | GL78: =データ!CT7 | HA78: =データ!CU7 | HP78: =データ!CV7 | IE78: =データ!CW7 | IT78: =データ!CX7 | JR78: 平均値 | KA78: =データ!DE7 -> 280 | KP78: =データ!DF7 -> 239.6 | LE78: =データ!DG7 -> 224.1 | LT78: =データ!DH7 -> 152.5 | MI78: =データ!DI7 -> 1239.2
B86: 全国平均
B87: ① | C87: ② | D87: ③ | E87: ⑪ | F87: ④ | G87: ⑤ | H87: ⑥ | I87: ⑦ | J87: ⑧ | K87: ⑨ | L87: ⑩ | M87: ⑪
B88: =データ!AI6 -> 【619.1】 | C88: =データ!AT6 -> 【2.3】 | D88: =データ!BE6 -> 【17】 | E88: =データ!DU6 -> 【205.9】 | F88: =データ!BP6 -> 【20.8】 | G88: =データ!CA6 -> 【14,290】 | H88: =データ!CL6 | I88: - | J88: - | K88: =データ!CY6 | L88: =データ!DJ6 -> 【425.4】

Sheet データ
A1: 駐車場事業(法非適) | Y1: 1 | Z1: 1 | AA1: 1 | AB1: 1 | AC1: 1 | AD1: 1 | AE1: 1 | AF1: 1 | AG1: 1 | AH1: 1 | AJ1: 1 | AK1: 1 | AL1: 1 | AM1: 1 | AN1: 1 | AO1: 1 | AP1: 1 | AQ1: 1 | AR1: 1 | AS1: 1 | AU1: 1 | AV1: 1 | AW1: 1 | AX1: 1 | AY1: 1 | AZ1: 1 | BA1: 1 | BB1: 1 | BC1: 1 | BD1: 1 | BF1: 1 | BG1: 1 | BH1: 1 | BI1: 1 | BJ1: 1 | BK1: 1 | BL1: 1 | BM1: 1 | BN1: 1 | BO1: 1 | BQ1: 1 | BR1: 1 | BS1: 1 | BT1: 1 | BU1: 1 | BV1: 1 | BW1: 1 | BX1: 1 | BY1: 1 | BZ1: 1 | CB1: 1 | CC1: 1 | CD1: 1 | CE1: 1 | CF1: 1 | CG1: 1 | CH1: 1 | CI1: 1 | CJ1: 1 | CK1: 1 | CO1: 1 | CP1: 1 | CQ1: 1 | CR1: 1 | CS1: 1 | CT1: 1 | CU1: 1 | CV1: 1 | CW1: 1 | CX1: 1 | CZ1: 1 | DA1: 1 | DB1: 1 | DC1: 1 | DD1: 1 | DE1: 1 | DF1: 1 | DG1: 1 | DH1: 1 | DI1: 1 | DK1: 1 | DL1: 1 | DM1: 1 | DN1: 1 | DO1: 1 | DP1: 1 | DQ1: 1 | DR1: 1 | DS1: 1 | DT1: 1
A2: 項番 | B2: =COLUMN()-1 -> 1 | C2: =COLUMN()-1 -> 2 | D2: =COLUMN()-1 -> 3 | E2: =COLUMN()-1 -> 4 | F2: =COLUMN()-1 -> 5 | G2: =COLUMN()-1 -> 6 | H2: =COLUMN()-1 -> 7 | I2: =COLUMN()-1 -> 8 | ... DU2: =COLUMN()-1 -> 124
A3: 大項目 | B3: 年度 | C3: 団体CD | D3: 業務CD | E3: 業種CD | F3: 事業CD | G3: 施設CD | H3: 基本情報 | Y3: 1. 収益等の状況 | CO3: 2. 資産等の状況 | DK3: 3.利用の状況
A4: 中項目 | Y4: ①法：経常収支比率、非：収益的収支比率(％) | AJ4: ②他会計補助金比率(％) | AU4: ③駐車台数一台当たりの他会計補助金額(円) | BF4: ④売上高ＧＯＰ比率(％) | BQ4: ⑤ＥＢＩＴＤＡ(千円) | CB4: ⑥有形固定資産減価償却率(％) | CM4: ⑦敷地の 地価(千円) | CN4: ⑧設備投資 見込額(千円) | CO4: ⑨累積欠損金比率(％) | CZ4: ⑩企業債残高対料金収入比率(％) | DK4: ⑪稼働率(％)
A5: 小項目 | H5: 団体名 | I5: 施設名称 | J5: 業務名称 | K5: 業種名称 | L5: 事業名称 | M5: 類似施設区分 | N5: 管理者の情報 | O5: 自己資本構成比率(％) | P5: 種類 | Q5: 構造 | R5: 建設後の経過年数 | S5: 立地 | T5: 周辺駐車場の需給実態調査 | U5: 駐車場使用面積 | V5: 収容台数（台） | W5: 一時間当たりの基本料金（円） | X5: 指定管理者制度の導入 | Y5: 当該値(N-4) | Z5: 当該値(N-3) | AA5: 当該値(N-2) | AB5: 当該値(N-1) | AC5: 当該値(N) | AD5: 類似施設平均(N-4) | AE5: 類似施設平均(N-3) | AF5: 類似施設平均(N-2) | AG5: 類似施設平均(N-1) | AH5: 類似施設平均(N) | AI5: 全国平均 | AJ5: 当該値(N-4) | AK5: 当該値(N-3) | AL5: 当該値(N-2) | AM5: 当該値(N-1) | AN5: 当該値(N) | AO5: 類似施設平均(N-4) | AP5: 類似施設平均(N-3) | AQ5: 類似施設平均(N-2) | AR5: 類似施設平均(N-1) | AS5: 類似施設平均(N) | AT5: 全国平均 | AU5: 当該値(N-4) | AV5: 当該値(N-3) | AW5: 当該値(N-2) | AX5: 当該値(N-1) | AY5: 当該値(N) | AZ5: 類似施設平均(N-4) | BA5: 類似施設平均(N-3) | BB5: 類似施設平均(N-2) | BC5: 類似施設平均(N-1) | BD5: 類似施設平均(N) | BE5: 全国平均 | BF5: 当該値(N-4) | BG5: 当該値(N-3) | BH5: 当該値(N-2) | BI5: 当該値(N-1) | BJ5: 当該値(N) | BK5: 類似施設平均(N-4) | BL5: 類似施設平均(N-3) | BM5: 類似施設平均(N-2) | BN5: 類似施設平均(N-1) | BO5: 類似施設平均(N) | BP5: 全国平均 | BQ5: 当該値(N-4) | BR5: 当該値(N-3) | BS5: 当該値(N-2) | BT5: 当該値(N-1) | BU5: 当該値(N) | BV5: 類似施設平均(N-4) | BW5: 類似施設平均(N-3) | BX5: 類似施設平均(N-2) | BY5: 類似施設平均(N-1) | BZ5: 類似施設平均(N) | CA5: 全国平均 | CB5: 当該値(N-4) | CC5: 当該値(N-3) | CD5: 当該値(N-2) | CE5: 当該値(N-1) | CF5: 当該値(N) | CG5: 類似施設平均(N-4) | CH5: 類似施設平均(N-3) | CI5: 類似施設平均(N-2) | CJ5: 類似施設平均(N-1) | CK5: 類似施設平均(N) | CL5: 全国平均 | CO5: 当該値(N-4) | CP5: 当該値(N-3) | CQ5: 当該値(N-2) | CR5: 当該値(N-1) | CS5: 当該値(N) | CT5: 類似施設平均(N-4) | CU5: 類似施設平均(N-3) | CV5: 類似施設平均(N-2) | CW5: 類似施設平均(N-1) | CX5: 類似施設平均(N) | CY5: 全国平均 | CZ5: 当該値(N-4) | DA5: 当該値(N-3) | DB5: 当該値(N-2) | DC5: 当該値(N-1) | DD5: 当該値(N) | DE5: 類似施設平均(N-4) | DF5: 類似施設平均(N-3) | DG5: 類似施設平均(N-2) | DH5: 類似施設平均(N-1) | DI5: 類似施設平均(N) | DJ5: 全国平均 | DK5: 当該値(N-4) | DL5: 当該値(N-3) | DM5: 当該値(N-2) | DN5: 当該値(N-1) | DO5: 当該値(N) | DP5: 類似施設平均(N-4) | DQ5: 類似施設平均(N-3) | DR5: 類似施設平均(N-2) | DS5: 類似施設平均(N-1) | DT5: 類似施設平均(N) | DU5: 全国平均
A6: グラフ参照用 | B6: =B8 -> 2019 | C6: =C8 -> 141500 | D6: =D8 -> 47 | E6: =E8 -> 14 | F6: =F8 -> 0 | G6: =G8 -> 6 | H6: =SUBSTITUTE(H8," ","") -> 神奈川県相模原市 | I6: =I8 -> 相模大野駅西側自動車駐車場 | J6: =J8 -> 法非適用 | K6: =K8 -> 駐車場整備事業 | L6: =L8 -> - | M6: =M8 -> Ａ１Ｂ１ | N6: =N8 -> 非設置 | O6: =O8 -> 該当数値なし | P6: =P8 -> 都市計画駐車場 | ... X6: =X8 -> 代行制 | Y6: =IF(Y8="-",NA(),Y8) -> 17.8 | Z6: =IF(Z8="-",NA(),Z8) -> 17.9 | AA6: =IF(AA8="-",NA(),AA8) -> 16.7 | AB6: =IF(AB8="-",NA(),AB8) -> 14.5 | AC6: =IF(AC8="-",NA(),AC8) -> 13.2 | AD6: =IF(AD8="-",NA(),AD8) -> 218.5 | AE6: =IF(AE8="-",NA(),AE8) -> 151.2 | AF6: =IF(AF8="-",NA(),AF8) -> 212.4 | ... AH6: =IF(AH8="-",NA(),AH8) -> 218.2 | AI6: =IF(AI8="-","",IF(AI8="-","【-】","【"&SUBSTITUTE(TEXT(AI8,"#,##0.0"),"-","△")&"】")) -> 【619.1】 | AJ6: =IF(AJ8="-",NA(),AJ8) -> 1.9 | AK6: =IF(AK8="-",NA(),AK8) -> 2.1 | AL6: =IF(AL8="-",NA(),AL8) -> 1 | AM6: =IF(AM8="-",NA(),AM8) -> 1 | AN6: =IF(AN8="-",NA(),AN8) -> 0 | AO6: =IF(AO8="-",NA(),AO8) -> 4.7 | AP6: =IF(AP8="-",NA(),AP8) -> 4 | AQ6: =IF(AQ8="-",NA(),AQ8) -> 2.4 | ... AS6: =IF(AS8="-",NA(),AS8) -> 1.5 | AT6: =IF(AT8="-","",IF(AT8="-","【-】","【"&SUBSTITUTE(TEXT(AT8,"#,##0.0"),"-","△")&"】")) -> 【2.3】 | AU6: =IF(AU8="-",NA(),AU8) -> 54 | AV6: =IF(AV8="-",NA(),AV8) -> 85 | AW6: =IF(AW8="-",NA(),AW8) -> 61 | AX6: =IF(AX8="-",NA(),AX8) -> 56 | AY6: =IF(AY8="-",NA(),AY8) -> 0 | AZ6: =IF(AZ8="-",NA(),AZ8) -> 46 | BA6: =IF(BA8="-",NA(),BA8) -> 39 | BB6: =IF(BB8="-",NA(),BB8) -> 25 | ... BD6: =IF(BD8="-",NA(),BD8) -> 11 | BE6: =IF(BE8="-","",IF(BE8="-","【-】","【"&SUBSTITUTE(TEXT(BE8,"#,##0"),"-","△")&"】")) -> 【17】 | BF6: =IF(BF8="-",NA(),BF8) -> 10.5 | BG6: =IF(BG8="-",NA(),BG8) -> 11 | BH6: =IF(BH8="-",NA(),BH8) -> 10.2 | BI6: =IF(BI8="-",NA(),BI8) -> 8.3 | BJ6: =IF(BJ8="-",NA(),BJ8) -> 4.9 | BK6: =IF(BK8="-",NA(),BK8) -> 33.2 | BL6: =IF(BL8="-",NA(),BL8) -> 29.6 | BM6: =IF(BM8="-",NA(),BM8) -> 29.2 | ... BO6: =IF(BO8="-",NA(),BO8) -> 5.8 | BP6: =IF(BP8="-","",IF(BP8="-","【-】","【"&SUBSTITUTE(TEXT(BP8,"#,##0.0"),"-","△")&"】")) -> 【20.8】 | BQ6: =IF(BQ8="-",NA(),BQ8) -> 115016 | BR6: =IF(BR8="-",NA(),BR8) -> 113055 | BS6: =IF(BS8="-",NA(),BS8) -> 104077 | BT6: =IF(BT8="-",NA(),BT8) -> 83728 | BU6: =IF(BU8="-",NA(),BU8) -> 42574 | BV6: =IF(BV8="-",NA(),BV8) -> 37496 | BW6: =IF(BW8="-",NA(),BW8) -> 31888 | BX6: =IF(BX8="-",NA(),BX8) -> 13314 | ... BZ6: =IF(BZ8="-",NA(),BZ8) -> 26838 | CA6: =IF(CA8="-","",IF(CA8="-","【-】","【"&SUBSTITUTE(TEXT(CA8,"#,##0"),"-","△")&"】")) -> 【14,290】 | CM6: =CM8 -> 0 | CN6: =CN8 -> - | CZ6: =IF(CZ8="-",NA(),CZ8) -> 250 | DA6: =IF(DA8="-",NA(),DA8) -> 251 | DB6: =IF(DB8="-",NA(),DB8) -> 226 | DC6: =IF(DC8="-",NA(),DC8) -> 174.1 | DD6: =IF(DD8="-",NA(),DD8) -> 179 | DE6: =IF(DE8="-",NA(),DE8) -> 280 | DF6: =IF(DF8="-",NA(),DF8) -> 239.6 | DG6: =IF(DG8="-",NA(),DG8) -> 224.1 | ... DI6: =IF(DI8="-",NA(),DI8) -> 1239.2 | DJ6: =IF(DJ8="-","",IF(DJ8="-","【-】","【"&SUBSTITUTE(TEXT(DJ8,"#,##0.0"),"-","△")&"】")) -> 【425.4】 | DK6: =IF(DK8="-",NA(),DK8) -> 219.2 | DL6: =IF(DL8="-",NA(),DL8) -> 235.8 | DM6: =IF(DM8="-",NA(),DM8) -> 210.5 | DN6: =IF(DN8="-",NA(),DN8) -> 184.6 | DO6: =IF(DO8="-",NA(),DO8) -> 157.7 | DP6: =IF(DP8="-",NA(),DP8) -> 138.9 | DQ6: =IF(DQ8="-",NA(),DQ8) -> 139.7 | DR6: =IF(DR8="-",NA(),DR8) -> 139.3 | ... DT6: =IF(DT8="-",NA(),DT8) -> 127.7 | DU6: =IF(DU8="-","",IF(DU8="-","【-】","【"&SUBSTITUTE(TEXT(DU8,"#,##0.0"),"-","△")&"】")) -> 【205.9】
A7: 表参照用 | B7: =B8 -> 2019 | C7: =C8 -> 141500 | D7: =D8 -> 47 | E7: =E8 -> 14 | F7: =F8 -> 0 | G7: =G8 -> 6 | H7: =H8 -> 神奈川県 相模原市 | I7: =I8 -> 相模大野駅西側自動車駐車場 | ... AH7: =AH8 -> 218.2 | AJ7: =AJ8 -> 1.9 | AK7: =AK8 -> 2.1 | AL7: =AL8 -> 1 | AM7: =AM8 -> 1 | AN7: =AN8 -> 0 | AO7: =AO8 -> 4.7 | AP7: =AP8 -> 4 | AQ7: =AQ8 -> 2.4 | ... AS7: =AS8 -> 1.5 | AU7: =AU8 -> 54 | AV7: =AV8 -> 85 | AW7: =AW8 -> 61 | AX7: =AX8 -> 56 | AY7: =AY8 -> 0 | AZ7: =AZ8 -> 46 | BA7: =BA8 -> 39 | BB7: =BB8 -> 25 | ... BD7: =BD8 -> 11 | BF7: =BF8 -> 10.5 | BG7: =BG8 -> 11 | BH7: =BH8 -> 10.2 | BI7: =BI8 -> 8.3 | BJ7: =BJ8 -> 4.9 | BK7: =BK8 -> 33.2 | BL7: =BL8 -> 29.6 | BM7: =BM8 -> 29.2 | ... BO7: =BO8 -> 5.8 | BQ7: =BQ8 -> 115016 | BR7: =BR8 -> 113055 | BS7: =BS8 -> 104077 | BT7: =BT8 -> 83728 | BU7: =BU8 -> 42574 | BV7: =BV8 -> 37496 | BW7: =BW8 -> 31888 | BX7: =BX8 -> 13314 | ... BZ7: =BZ8 -> 26838 | CM7: =CM8 -> 0 | CN7: =CN8 -> - | CZ7: =CZ8 -> 250 | DA7: =DA8 -> 251 | DB7: =DB8 -> 226 | DC7: =DC8 -> 174.1 | DD7: =DD8 -> 179 | DE7: =DE8 -> 280 | DF7: =DF8 -> 239.6 | DG7: =DG8 -> 224.1 | ... DI7: =DI8 -> 1239.2 | DK7: =DK8 -> 219.2 | DL7: =DL8 -> 235.8 | DM7: =DM8 -> 210.5 | DN7: =DN8 -> 184.6 | DO7: =DO8 -> 157.7 | DP7: =DP8 -> 138.9 | DQ7: =DQ8 -> 139.7 | DR7: =DR8 -> 139.3 | ... DT7: =DT8 -> 127.7
B8: 2019 | C8: 141500 | D8: 47 | E8: 14 | F8: 0 | G8: 6 | H8: 神奈川県 相模原市 | I8: 相模大野駅西側自動車駐車場 | J8: 法非適用 | K8: 駐車場整備事業 | L8: - | M8: Ａ１Ｂ１ | N8: 非設置 | O8: 該当数値なし | P8: 都市計画駐車場 | Q8: 立体式 | R8: 7 | S8: 商業施設 | T8: 無 | U8: 25638 | V8: 749 | W8: 300 | X8: 代行制 | Y8: 17.8 | Z8: 17.9 | AA8: 16.7 | AB8: 14.5 | AC8: 13.2 | AD8: 218.5 | AE8: 151.2 | AF8: 212.4 | AG8: 243 | AH8: 218.2 | AI8: 619.1 | AJ8: 1.9 | AK8: 2.1 | AL8: 1 | AM8: 1 | AN8: 0 | AO8: 4.7 | AP8: 4 | AQ8: 2.4 | AR8: 2.3 | AS8: 1.5 | AT8: 2.3 | AU8: 54 | AV8: 85 | AW8: 61 | AX8: 56 | AY8: 0 | AZ8: 46 | BA8: 39 | BB8: 25 | BC8: 23 | BD8: 11 | BE8: 17 | BF8: 10.5 | BG8: 11 | BH8: 10.2 | BI8: 8.3 | BJ8: 4.9 | BK8: 33.2 | BL8: 29.6 | BM8: 29.2 | BN8: 30.4 | BO8: 5.8 | BP8: 20.8 | BQ8: 115016 | BR8: 113055 | BS8: 104077 | BT8: 83728 | BU8: 42574 | BV8: 37496 | BW8: 31888 | BX8: 13314 | BY8: 28825 | BZ8: 26838 | CA8: 14290 | CB8: - | CC8: - | CD8: - | CE8: - | CF8: - | CG8: - | CH8: - | CI8: - | CJ8: - | CK8: - | CL8: - | CM8: 0 | CN8: - | CO8: - | CP8: - | CQ8: - | CR8: - | CS8: - | CT8: - | CU8: - | CV8: - | CW8: - | CX8: - | CY8: - | CZ8: 250 | DA8: 251 | DB8: 226 | DC8: 174.1 | DD8: 179 | DE8: 280 | DF8: 239.6 | DG8: 224.1 | DH8: 152.5 | DI8: 1239.2 | DJ8: 425.4 | DK8: 219.2 | DL8: 235.8 | DM8: 210.5 | DN8: 184.6 | DO8: 157.7 | DP8: 138.9 | DQ8: 139.7 | DR8: 139.3 | DS8: 135.3 | DT8: 127.7 | DU8: 205.9
B10: Ｎ－４年度 | C10: Ｎ－３年度 | D10: Ｎ－２年度 | E10: Ｎ－１年度 | F10: Ｎ年度
A11: 年度 | B11: =IF(VALUE($B$6)=0,"",IF(VALUE($B$6)>2022,"R"&TEXT(VALUE($B$6)-2022,"00"),"H"&VALUE($B$6)-1992)) -> H27 | C11: =IF(VALUE($B$6)=0,"",IF(VALUE($B$6)>2021,"R"&TEXT(VALUE($B$6)-2021,"00"),"H"&VALUE($B$6)-1991)) -> H28 | D11: =IF(VALUE($B$6)=0,"",IF(VALUE($B$6)>2020,"R"&TEXT(VALUE($B$6)-2020,"00"),"H"&VALUE($B$6)-1990)) -> H29 | E11: =IF(VALUE($B$6)=0,"",IF(VALUE($B$6)>2019,"R"&TEXT(VALUE($B$6)-2019,"00"),"H"&VALUE($B$6)-1989)) -> H30 | F11: =IF(VALUE($B$6)=0,"",IF(VALUE($B$6)>2018,"R"&TEXT(VALUE($B$6)-2018,"00"),"H"&VALUE($B$6)-1988)) -> R01
